 Dungeon Crawl Stone Soup version 0.19.3-1-g3169bf9 (webtiles) character file.

358 Gargoyl the Skirmisher (level 6, -1/52 (53) HPs)
             Began as a Ghoul Abyssal Knight on Jan 25, 2017.
             Was a Believer of Lugonu.
             Slain by an orc priest
             ... wielding a +0 flail
              (4 damage)
             ... on level 4 of the Dungeon.
             The game lasted 00:08:14 (3767 turns).

Gargoyl the Skirmisher (Ghoul Abyssal Knight)       Turns: 3767, Time: 00:08:14

HP:   -1/52 (53)    AC: 10    Str: 15 (16) XL:     6   Next: 64%
MP:   7/7           EV: 15    Int:  5 (7)  God:    Lugonu [**....]
Gold: 183           SH:  4    Dex: 15      Spells: 0 memorised, 5 levels left

rFire  . . .     SeeInvis +     a - +1 hand axe
rCold  + . .     Gourm    .     d - +0 scale mail
rNeg   + + +     Faith    .     (no shield)
rPois  ∞         Spirit   .     e - +1 helmet
rElec  .         Reflect  +     k - +0 cloak
rCorr  .         Harm     .     (no gloves)
MR     .....                    (no boots)
Stlth  +.........               g - +4 amulet of reflection
                                (no ring)
                                i - ring of see invisible

@: agile, rotting
A: rotting body, claws 1, carnivore 3, cold resistance 1, negative energy
resistance 3, slow regeneration 1, torment resistance, unbreathing
a: Depart the Abyss, Bend Space, Renounce Religion


You were on level 4 of the Dungeon.
You worshipped Lugonu.
Lugonu was pleased with you.
You were not hungry.

You visited 1 branch of the dungeon, and saw 4 of its levels.
You visited the Abyss 1 time.

You collected 183 gold pieces.

Inventory:

Hand Weapons
 a - a +1 hand axe (weapon)
 b - a +0 blowgun
 t - a +2 spear of piercing
Missiles
 m - 5 curare-tipped needles
 r - 5 poisoned needles
Armour
 d - a +0 scale mail (worn)
 e - a +1 helmet (worn)
 k - a +0 cloak (worn)
Jewellery
 g - a +4 amulet of reflection (around neck)
 h - an uncursed ring of flight
 i - a ring of see invisible (left claw)
Wands
 l - a wand of flame (12/48)
Potions
 q - a potion of lignification
Comestibles
 c - 5 meat rations
 n - 3 beef jerkies
 o - a royal jelly


   Skills:
 + Level 4.4 Fighting
 + Level 3.6 Axes
 * Level 3.6 Armour
 + Level 1.4 Dodging
 * Level 3.5 Invocations


You had 5 spell levels left.
You didn't know any spells.

Dungeon Overview and Level Annotations

Branches:
Dungeon (4/15)
 Temple: D:4-7

Altars:
Nemelex Xobeh

Annotations:
D:4 Eustachio


Innate Abilities, Weirdness & Mutations

Your body is rotting away.
You thrive on raw meat.
You are immune to poison.
You have sharp fingernails.
You are carnivorous and can eat meat at any time.
Your flesh is cold resistant. (rC+)
You are immune to negative energy. (rN+++)
You regenerate slowly when monsters are visible.
You are immune to unholy pain and torment.
You can survive without breathing.


Message History

The orc priest is moderately wounded.
The orc priest mumbles some strange prayers to Beogh against you.
Beogh smites you!
* * * LOW HITPOINT WARNING * * *
You hit the orc priest.
The orc priest is heavily wounded.
The orc priest hits you with a flail.
* * * LOW HITPOINT WARNING * * *
You barely miss the orc priest.
The orc priest is heavily wounded.
The orc priest hits you but does no damage.
You hit the orc priest but do no damage.
The orc priest is heavily wounded.
The orc priest hits you but does no damage.
You feel agile all of a sudden. The orc priest closely misses you.
You hit the orc priest.
The orc priest is severely wounded.
The orc priest hits you with a flail.
You die...

#.. ... ... #..#. #.#
. .... #.# ...
##...####.########....
.............)o......
............@†......
#..###.####.###....
#..###.####.# .
#........##..
##.###.#.##..# #<#
#.#.##... #.# #.#
###... #.. #.# #..
#..##.#


You could see an orc priest.

Vanquished Creatures
  A howler monkey (D:4)
  A crimson imp (D:3)
  An orc priest (D:3)
  Crazy Yiuf (D:2)
  An orc wizard (D:3)
  Terence (D:2)
  Natasha (twice) (D:2)
  6 adders
  3 worms (D:2)
  A leopard gecko (D:3)
  5 orcs
  5 giant cockroaches
  8 goblins
  5 hobgoblins
  2 jackals (D:1)
  5 kobolds
  A quokka (D:3)
  6 bats
  2 frilled lizards
  8 rats
65 creatures vanquished.

Notes
Turn   | Place    | Note
-------+----------+-------------------------------------------
     0 | Abyss:1  | Gargoyl the Ghoul Abyssal Knight began the quest for the Orb.
     0 | Abyss:1  | Reached XP level 1. HP: 19/19 MP: 1/1
    28 | Abyss:2  | Found a corrupted altar of Lugonu.
    89 | Abyss:3  | Noticed a fire bat
    89 | D:1      | Escaped the Abyss
   252 | D:1      | Reached * piety under Lugonu
   252 | D:1      | Reached XP level 2. HP: 26/26 MP: 2/2
   960 | D:1      | Reached XP level 3. HP: 30/33 MP: 3/3
  1160 | D:2      | Found a sparkling altar of Nemelex Xobeh.
  1161 | D:2      | Noticed Terence
  1187 | D:2      | Killed Terence
  1187 | D:2      | Reached skill level 1 in Dodging
  1401 | D:2      | Reached XP level 4. HP: 27/40 MP: 4/4
  2030 | D:2      | Noticed Natasha
  2044 | D:2      | Killed Natasha
  2044 | D:2      | Reached skill level 4 in Fighting
  2331 | D:2      | Found a runed door.
  2335 | D:2      | Noticed Crazy Yiuf
  2353 | D:2      | Killed Crazy Yiuf
  2353 | D:2      | Reached XP level 5. HP: 26/46 MP: 6/6
  2537 | D:2      | Noticed Natasha
  2556 | D:2      | Killed Natasha
  2872 | D:3      | Reached ** piety under Lugonu
  2884 | D:3      | Reached XP level 6. HP: 26/53 MP: 7/7
  3481 | D:4      | Noticed a phantom
  3488 | D:4      | Noticed Eustachio
  3767 | D:4      | Slain by an orc priest

Skill      XL: |  1  2  3  4  5 |
---------------+----------------+-----
Armour         | 2 3 |  3.6
Axes           | 2 3 |  3.6
Dodging        | 1 |  1.4
Fighting       | 4 |  4.4
Invocations    | 3 |  3.5

Action                   |  1- 3 |  4- 6 || total
-------------------------+-------+-------++-------
Melee: Hand axe          |   108 |   210 ||   318
Invok: Depart the Abyss  |     1 |       ||     1
  Use: Scroll            |     2 |     6 ||     8
       Potion            |     4 |     7 ||    11
  Eat: Chunk             |    12 |    19 ||    31
Armor: Leather armour    |    35 |       ||    35
       Scale mail        |     2 |   134 ||   136
Dodge: Dodged            |    91 |   111 ||   202
Block: Other             |     5 |    44 ||    49
